 Dungeon Crawl Stone Soup version 0.27-a0-170-g607d9e9d85 (webtiles) character file.

Game seed: 12372375204976976516

441002 vurker the Slingshot (level 25, 16/167 (187) HPs)
             Began as a Halfling Hunter on Jan 28, 2021.
             Was a High Priest of Okawaru.
             Quit the game on level 5 of the Vaults.
             The game lasted 01:51:39 (68340 turns).

vurker the Slingshot (Halfling Hunter)             Turns: 68340, Time: 01:51:40

HP:   16/167 (187)  AC: 47    Str: 20      XL:     25   Next: 28%
MP:   25/29         EV: 24    Int:  8      God:    Okawaru [*****.]
Gold: 2663          SH: 25    Dex: 22 (23) Spells: 24/24 levels left

rFire    + + +     SeeInvis +   b - +0 hand crossbow
rCold    + + +     Faith    .   h - +2 shield of Resistance {rF++ rC++ Will++}
rNeg     + . .     Spirit   .   q - +7 gold dragon scales
rPois    +         Reflect  +   o - +0 helmet
rElec    .         Harm     .   Z - +2 ratskin cloak {*Rats rPois rN+ Str-1 Int-1 Dex+1}
rCorr    .         Rampage  .   U - +2 pair of gloves {Dex+3}
Will     ++++.                  Q - +2 pair of boots {Fly}
Stlth    ..........             e - amulet of reflection
HPRegen  0.37/turn              A - ring "Oqoe" {rF++ SInv}
MPRegen  0.21/turn              V - ring of willpower

@: heroism, finesse, heavily drained
A: small, mutation resistance 1
}: 2/15 runes: decaying, serpentine
a: Renounce Religion, Evoke Flight, Heroism, Finesse


You were on level 5 of the Vaults.
You worshipped Okawaru.
Okawaru was extremely pleased with you.
You visited 7 branches of the dungeon, and saw 39 of its levels.
You also visited: Ossuary.

You collected 6410 gold pieces.
You spent 3747 gold pieces at shops.

Inventory:

Hand Weapons
 a - the +3 fustibalus of Cueviu {speed, rElec Dex+2}
   (You found it on level 8 of the Dungeon)

   Attacks with this weapon are significantly faster.
   It affects your dexterity (+2).
   It insulates you from electricity.
 b - a +0 hand crossbow (weapon)
   (You found it on level 7 of the Dungeon)
 S - a +0 fustibalus of flaming
   (You found it on level 1 of the Swamp)
Missiles
 w - 566 bolts (quivered ammo)
Armour
 h - the +2 shield of Resistance (worn) {rF++ rC++ Will++}
   (You bought it in a shop on level 4 of the Snake Pit)

   It greatly protects you from fire.
   It greatly protects you from cold.
   It affects your willpower, your defense against some magical effects.
 o - a +0 helmet (worn)
   (You found it on level 4 of the Lair of Beasts)
 q - +7 gold dragon scales (worn)
   (You found it on level 5 of the Vaults)
 K - the cursed +0 helmet of Gestures {-Tele rC++ Will+}
   (You found it on level 4 of the Swamp)

   It greatly protects you from cold.
   It affects your willpower, your defense against some magical effects.
   It prevents most forms of teleportation.
   It has a curse placed upon it.
 Q - a +2 pair of boots of flying (worn)
   (Okawaru gifted it to you on level 6 of the Lair of Beasts)
 U - a +2 pair of gloves of dexterity (worn)
   (You acquired it on level 1 of the Vaults)
 Z - the +2 ratskin cloak (worn) {*Rats rPois rN+ Str-1 Int-1 Dex+1}
   (You bought it in a shop on level 1 of the Vaults)

   It affects your strength (-1).
   It affects your intelligence (-1).
   It affects your dexterity (+1).
   It protects you from poison.
   It protects you from negative energy.
Jewellery
 e - an amulet of reflection (around neck)
   (You found it on level 2 of the Dungeon)
 A - the ring "Oqoe" (left hand) {rF++ SInv}
   (You found it on level 6 of the Lair of Beasts)

   [ring of see invisible]

   It greatly protects you from fire.
   It lets you see invisible.
 C - the ring of Wishful Thinking {rElec rF+ MP+9}
   (You found it on level 15 of the Dungeon)

   [ring of magical power]

   It protects you from fire.
   It insulates you from electricity.
   It affects your magic capacity (+9).
 E - an uncursed ring of poison resistance
   (You found it on level 4 of the Lair of Beasts)
 V - a ring of willpower (right hand)
   (You found it on level 13 of the Dungeon)
Wands
 d - a wand of iceblast (59)
   (You found it on level 1 of the Lair of Beasts)
 k - a wand of enslavement (10)
   (You found it on level 3 of the Swamp)
 l - a wand of mindburst (45)
   (You found it on level 5 of the Dungeon)
 t - a wand of flame (36)
   (You found it on level 7 of the Dungeon)
 u - a wand of paralysis (21)
   (You took it off a naga on level 4 of the Snake Pit)
 v - a wand of digging (15)
   (You took it off Erolcha on level 1 of the Orcish Mines)
 D - a wand of polymorph (24)
   (You found it on level 8 of the Dungeon)
Scrolls
 c - 3 scrolls of immolation
 i - 28 scrolls of remove curse
 m - 12 scrolls of teleportation
 n - 2 scrolls of identify
 y - 2 scrolls of silence
 L - 15 scrolls of magic mapping
 N - 9 scrolls of enchant weapon
 O - 4 scrolls of fear
 P - 4 scrolls of vulnerability
 T - 4 scrolls of fog
 Y - a scroll of summoning
Potions
 f - 6 potions of haste
 g - 9 potions of mutation
 j - 3 potions of resistance
 p - 20 potions of curing
 r - 6 potions of might
 s - 4 potions of heal wounds
 x - a potion of flight
 z - 2 potions of invisibility
 B - 6 potions of lignification
 F - 6 potions of ambrosia
 W - 5 potions of magic
 X - 3 potions of cancellation
Miscellaneous
 H - a lightning rod (inert)
   (You found it on level 8 of the Dungeon)
 I - a phial of floods (inert)
   (You found it on level 8 of the Dungeon)


   Skills:
 * Level 19.5(24.5) Fighting
 - Level 2.2(7.2) Staves
 - Level 22.0(27) Slings
 * Level 0.0(5.0) Crossbows
 + Level 20.6(25.6) Armour
 - Level 22.0(27) Dodging
 - Level 1.1(6.1) Stealth
 - Level 16.0(21.0) Shields
 - Level 8.0 Invocations


You had 24 spell levels left.
You didn't know any spells.
Your spell library contained the following spells:

 Spells                   Type           Power        Failure   Level
 Apportation              Tloc           0%           99%         1
 Corona                   Hex            0%           99%         1
 Foxfire                  Conj/Fire      0%           99%         1
 Magic Dart               Conj           0%           99%         1
 Sandblast                Erth           0%           99%         1
 Shock                    Conj/Air       0%           99%         1
 Sting                    Tmut/Pois      0%           99%         1
 Blink                    Tloc           N/A          100%        2
 Call Imp                 Summ           0%           100%        2
 Corpse Rot               Necr/Air       N/A          100%        2
 Ensorcelled Hibernation  Hex/Ice        0%           100%        2
 Passwall                 Tmut/Erth      0%           100%        2
 Poisonous Vapours        Pois/Air       0%           100%        2
 Searing Ray              Conj           0%           100%        2
 Slow                     Hex            0%           100%        2
 Sublimation of Blood     Necr           0%           100%        2
 Swiftness                Air            0%           100%        2
 Confusing Touch          Hex            0%           100%        3
 Conjure Flame            Conj/Fire      0%           100%        3
 Dazzling Flash           Conj/Hex       0%           100%        3
 Ignite Poison            Fire/Tmut/Pois 0%           100%        3
 Inner Flame              Hex/Fire       0%           100%        3
 Lesser Beckoning         Tloc           0%           100%        3
 Mephitic Cloud           Conj/Pois/Air  0%           100%        3
 Portal Projectile        Hex/Tloc       0%           100%        3
 Stone Arrow              Conj/Erth      0%           100%        3
 Tukima's Dance           Hex            0%           100%        3
 Cause Fear               Hex            0%           100%        4
 Dispel Undead            Necr           0%           100%        4
 Fulminant Prism          Conj/Hex       0%           100%        4
 Iskenderun's Mystic Bla  Conj/Tloc      0%           100%        4
 Leda's Liquefaction      Hex/Erth       0%           100%        4
 Olgreb's Toxic Radiance  Pois           0%           100%        4
 Passage of Golubria      Tloc           N/A          100%        4
 Petrify                  Tmut/Erth      0%           100%        4
 Agony                    Necr           0%           100%        5
 Alistair's Intoxication  Tmut/Pois      0%           100%        5
 Bolt of Magma            Conj/Fire/Erth 0%           100%        5
 Excruciating Wounds      Necr           0%           100%        5
 Fireball                 Conj/Fire      0%           100%        5
 Lee's Rapid Deconstruct  Erth           0%           100%        5
 Summon Mana Viper        Hex/Summ       0%           100%        5
 Freezing Cloud           Conj/Ice/Air   0%           100%        6
 Invisibility             Hex            0%           100%        6
 Iron Shot                Conj/Erth      0%           100%        6
 Starburst                Conj/Fire      0%           100%        6
 Statue Form              Tmut/Erth      0%           100%        6
 Dragon Form              Tmut           0%           100%        7
 Haunt                    Necr/Summ      0%           100%        7
 Malign Gateway           Summ/Tloc      0%           100%        7
 Monstrous Menagerie      Summ           0%           100%        7
 Spellforged Servitor     Conj/Summ      0%           100%        7
 Borgnjor's Revivificati  Necr           0%           100%        8
 Ignition                 Fire           0%           100%        8
 Infestation              Necr           0%           100%        8
 Necromutation            Tmut/Necr      0%           100%        8
 Summon Horrible Things   Summ           0%           100%        8
 Death's Door             Necr           0%           100%        9
 Dragon's Call            Summ           0%           100%        9
 Shatter                  Erth           0%           100%        9


Dungeon Overview and Level Annotations

Branches:
Dungeon (15/15)            Temple (0/1) D:6            Lair (6/6) D:11
  Swamp (4/4) Lair:3        Snake (4/4) Lair:3          Orc (2/2) D:11
    Elf (3/3) Orc:2        Vaults (5/5) D:13          Crypt (0/3) Vaults:3
 Depths (0/5) D:15        Ossuary (visited)
  Slime: Lair:5-6

Altars:
Dithmenos
Elyvilon
Fedhas
Hepliaklqana
Makhleb
Okawaru
Qazlal
Sif Muna
Trog
Vehumet
Xom
Zin
The Shining One
Beogh
Lugonu

Shops:
Orc:2 (}=(:   Elf:1 ??[**   Snake:4 [   Vaults:1 [   Vaults:4 [:

Portals:
Abyss: Lair:4

Annotations:
D:4 3 runed translucent doors, qborf's ghost, amateur TeIE
D:15 2 transporters
Lair:1 exclusion: oklob plant
Orc:1 3 runed translucent doors, shitwizard's ghost, journeyman TrBe
Elf:2 5 runed translucent doors
Vaults:1 2 runed translucent doors, Diggohao's ghost, adept DrWn; Juteq's ghost, adept GnGl
Vaults:4 2 transporters, exclusion: orange crystal statue


Innate Abilities, Weirdness & Mutations

You are small and have problems with some larger weapons.
You are somewhat resistant to further mutation.


Message History

The shadow dragon bites you but does no damage.
The shadow dragon barely misses you.
The shadow dragon claws you but does no damage.
You are too injured to fight recklessly!
You are too injured to fight recklessly!
Unknown command.
A magical barricade bars your way!
Unknown command.
As you read the scroll of fear, it crumbles to dust.
You assume a fearsome visage.
The hellwing is unaffected.
The blizzard demon is unaffected.
The shadow dragon resists with almost no effort.
The tentacled monstrosity is unaffected.
The shadow dragon resists with almost no effort.
The dart slug looks frightened!
The titan resists with almost no effort.
The deep elf demonologist resists with some effort.
The shadow dragon resists with almost no effort.
The vault warden looks frightened!
The two-headed ogre looks frightened!
The two-headed ogre resists with almost no effort.
You block the deep elf demonologist's attack.
The hellwing hits you but does no damage.
You block the hellwing's attack. The shadow dragon barely misses you.
The shadow dragon claws you but does no damage. x2
The tentacled monstrosity completely misses you.
The tentacled monstrosity closely misses you.
You block the tentacled monstrosity's attack.
The tentacled monstrosity constricts you.
The two-headed ogre closely misses you. The two-headed ogre misses you.
The shadow dragon bites you but does no damage.
The shadow dragon claws you.
* * * LOW HITPOINT WARNING * * *
You block the shadow dragon's attack.
The shadow dragon bites you but does no damage.
The shadow dragon claws you but does no damage.
You block the shadow dragon's attack. The titan hits you!!
* * * LOW HITPOINT WARNING * * *
A river rat scurries out from under your cloak.
Unknown command.
Blink to where?
You escape the tentacled monstrosity's grasp.
As you read the scroll of blinking, it crumbles to dust.
A tengu reaver comes into view. It is wielding a +0 glaive.
The tengu reaver shouts!
The deep elf demonologist mumbles some strange words.
The blizzard demon gestures at you.
The bolt of lightning hits the cacodemon.
The cacodemon resists.
The bolt of lightning hits you!
* * * LOW HITPOINT WARNING

* * * .. #D#....# .#
#.#...(# # . #(#....#.#.##
#.#(#....#.....
#(#(#....#.#.#.
#..............
##############e.(.....####
..............XDOD<.......
...Q..(..@...22(D(.p......
.......)......4rC<<.......
..............(.(.........
##############........####
.Op...............#
#.#.#.###.#...(#..[#
#.O}.(#....##.#..
#C#.###(#(...# ## .
..D....(#....#


You could see 2 shadow dragons, a tentacled monstrosity, a titan, a cacodemon
(summoned), a tengu reaver, a blizzard demon (summoned), a two-headed ogre, a
deep elf demonologist, a hellwing (summoned) and a friendly river rat.

Vanquished Creatures
  Mara (Elf:3)
  Bai Suzhen (Swamp:3)
  Jory (Vaults:3)
  2 golden dragons (Vaults:5)
  A bone dragon (Swamp:4)
  Jorgrun (D:15)
  Rupert (Lair:5)
  A tentacled monstrosity (Swamp:2)
  2 deep elf blademasters (Elf:3)
  A lich (Vaults:4)
  Asterion (Snake:2)
  2 deep elf master archers (Elf:3)
  2 titans (Vaults:5)
  3 quicksilver dragons
  An ancient champion (Vaults:3)
  3 sphinxes
  3 storm dragons
  Kirke (D:15)
  Agnes (Snake:3)
  Donald (Orc:2)
  Roxanne (Snake:1)
  An azure jelly (shapeshifter) (Vaults:1)
  A shadow dragon (Vaults:5)
  8 nagarajas
  2 fenstrider witches
  3 tengu reavers
  18 vault wardens
  3 frost giants
  6 deep elf sorcerers
  An iron dragon (Vaults:5)
  Louise (Snake:2)
  2 orc warlords (Orc:1)
  Aizul (Snake:1)
  6 deep elf elementalists
  9 ironheart preservers
  4 very ugly things
  11 stone giants
  3 deep elf demonologists
  A vampire knight (D:15)
  2 entropy weavers
  4 deep elf annihilators
  3 bunyips
  4 ettins
  4 deep elf death magi
  4 eleionomae
  6 fire dragons
  Josephine (Orc:1)
  11 yaktaur captains
  3 great orbs of eyes
  Fannar (Lair:1)
  Erolcha (Orc:1)
  33 vault guards
  8 boulder beetles
  A rakshasa (Vaults:2)
  4 deep elf high priests
  13 hydras
  13 naga warriors
  An ice dragon (Vaults:2)
  4 ghost crabs
  Harold (D:9)
  8 alligators
  8 centaur warriors
  12 ogre magi
  7 anacondas
  A catoblepas (Lair:6)
  19 dancing weapons
  3 death knights
  26 two-headed ogres
  2 deep troll earth magi (Vaults:4)
  Erica (Lair:1)
  A vampire mage (Vaults:3)
  An orc high priest (Elf:1)
  12 naga sharpshooters
  9 shock serpents
  15 deep elf knights
  Urug (Lair:1)
  A salamander mystic (Snake:2)
  10 sea snakes
  2 shadow wraiths
  2 glowing orange brains (Vaults:4)
  5 skeletal warriors
  7 spriggan druids
  A hell knight (Vaults:4)
  3 spectral hydras (Swamp:4)
  3 goliath frogs
  7 unseen horrors
  A death drake (Swamp:4)
  7 deep trolls
  2 wizards
  4 naga ritualists
  8 bog bodies
  2 phantasmal warriors
  18 deep elf archers
  9 harpies
  3 necromancers
  Pikel (D:9)
  A harpy (shapeshifter) (Vaults:1)
  A lindwurm (shapeshifter) (Vaults:2)
  9 swamp dragons
  22 orc knights
  A lindwurm (Lair:5)
  4 wolf spiders
  8 mana vipers
  63 deep elf magi
  An orb spider (shapeshifter) (Vaults:5)
  2 oklob plants (Lair:6)
  A salamander (shapeshifter) (Vaults:2)
  19 ironbrand convokers
  6 orc sorcerers
  10 cyclopes
  4 manticores
  12 salamanders
  5 will-o-the-wisps
  51 ugly things
  18 elephants
  4 guardian serpents
  20 vault sentinels
  4 centaur zombies
  36 black mambas
  A molten gargoyle (D:11)
  A gargoyle (D:14)
  Psyche (D:9)
  Joseph (Lair:1)
  A torpor snail (shapeshifter) (Vaults:4)
  13 naga magi
  9 swamp worm zombies (Swamp:4)
  A stone giant skeleton (Vaults:2)
  14 cane toads
  2 kobold demonologists
  12 komodo dragons
  6 freezing wraiths
  2 rime drakes (Lair:6)
  A tengu conjurer (D:13)
  47 yaktaurs
  2 efreet
  11 trolls
  11 tyrant leeches
  4 bloated husks
  A meliai (shapeshifter) (D:15)
  10 polar bears
  An ettin zombie (Vaults:2)
  A wind drake (shapeshifter) (Vaults:3)
  20 blink frogs
  25 hornets
  5 hydra zombies (Swamp:4)
  11 slime creatures
  3 alligator zombies (Swamp:4)
  A raiju (Lair:6)
  A spectral swamp dragon (Swamp:4)
  4 air elementals
  2 redbacks
  37 yaks
  11 wraiths
  2 shadows
  4 fire elementals
  3 hogs (D:15)
  19 spriggans
  11 wyverns
  A hog (shapeshifter) (Vaults:5)
  3 water elementals
  4 basilisks
  A steam dragon (D:13)
  6 vampire mosquitoes
  16 wargs
  12 swamp worms
  58 nagas
  16 hell hounds (Lair:6)
  An acid dragon (shapeshifter) (Vaults:3)
  2 floating eyes (D:15)
  3 acid dragons
  33 water moccasins
  61 orc warriors
  5 ice beasts
  18 black bears
  An eye of draining (shapeshifter) (Vaults:2)
  A hornet zombie (Swamp:4)
  2 swamp drakes (Swamp:4)
  2 necrophages
  10 phantoms
  2 swamp dragon zombies (Swamp:4)
  3 sky beasts
  An eye of draining (D:8)
  28 wolves
  A wolf (shapeshifter) (Elf:1)
  8 boggarts
  21 centaurs
  22 ogres
  2 lemures (D:9)
  2 big kobolds
  29 bullfrogs
  2 komodo dragon zombies (Swamp:4)
  5 gnoll sergeants
  4 earth elementals
  A human skeleton (Vaults:2)
  7 scorpions
  9 killer bees
  14 wights
  A howler monkey (D:6)
  6 jellies
  3 electric eels (Snake:1)
  3 bullfrog zombies
  A lava snake (D:11)
  7 hounds
  A quasit (D:6)
  26 orc wizards
  Crazy Yiuf (D:4)
  21 orc priests
  3 gnoll shamans (D:6)
  3 bullfrog skeletons
  6 centaur skeletons
  Jessica (D:3)
  Ijyb (D:5)
  4 iguanas
  4 spectral swamp drakes (Swamp:4)
  16 worker ants
  A big kobold zombie (Ossuary)
  A killer bee zombie (D:9)
  2 hound zombies
  8 mummies (Ossuary)
  2 worker ant zombies
  18 gnolls
  An adder (shapeshifter) (Vaults:3)
  11 adders
  2 shadow imps
  16 white imps
  2 ufetubi (D:7)
  3 oozes (D:1)
  2 adder skeletons
  2 adder zombies
  2 worms (D:2)
  5 dart slugs
  8 leopard geckos
  117 orcs
  2 ball pythons (D:3)
  14 bats
  5 giant cockroaches
  A gnoll zombie (Ossuary)
  10 hobgoblins
  12 jackals
  3 quokkas
  7 frilled lizards
  8 goblins
  2 hobgoblin zombies (Ossuary)
  10 kobolds
  2 kobold zombies (Ossuary)
  2 orc zombies (Ossuary)
  A quokka skeleton (D:6)
  A quokka zombie (D:5)
  10 rats
  A lurking horror (Lair:4)
1889 creatures vanquished.

Vanquished Creatures (others)
  An alligator (Swamp:4)
  A deep elf knight (Vaults:2)
  A naga mage (Snake:1)
  A tengu conjurer (D:15)
  4 bloated husks (Swamp:4)
  A fire elemental (Elf:2)
  A naga (Snake:4)
  A swamp worm (Swamp:3)
  A swamp drake (Swamp:4)
  A boggart (Vaults:3)
  An orc (Elf:1)
  12 foxfires
  39 fungi
  76 plants
141 creatures vanquished.

Grand Total: 2030 creatures vanquished

Notes
Turn   | Place    | Note
-------+----------+-------------------------------------------
     0 | D:1      | vurker the Halfling Hunter began the quest for the Orb.
     0 | D:1      | Reached XP level 1. HP: 14/14 MP: 1/1
    75 | D:1      | Reached XP level 2. HP: 19/19 MP: 2/2
   376 | D:1      | Reached XP level 3. HP: 24/24 MP: 3/3
  1091 | D:1      | Reached XP level 4. HP: 30/30 MP: 4/4
  1665 | D:2      | Found a white marble altar of Elyvilon.
  1791 | D:3      | Noticed Jessica
  1799 | D:3      | Killed Jessica
  1800 | D:3      | Reached XP level 5. HP: 32/36 MP: 5/5
  1916 | D:3      | Found a burning altar of Makhleb.
  1917 | D:3      | Found a shimmering altar of Xom.
  1917 | D:3      | Found an iron altar of Okawaru.
  1920 | D:3      | Became a worshipper of Warmaster Okawaru
  1922 | D:3      | Found a blossoming altar of Fedhas.
  2110 | D:3      | Reached skill level 1 in Invocations
  2110 | D:3      | Reached XP level 6. HP: 9/42 MP: 6/6
  2809 | D:4      | Noticed an ogre
  2821 | D:4      | Killed an ogre
  2822 | D:4      | Reached XP level 7. HP: 46/46 MP: 8/8
  2949 | D:4      | Found a runed translucent gate.
  2949 | D:4      | Found a runed translucent gate.
  2950 | D:4      | Found a runed translucent gate.
  3075 | D:4      | Reached * piety under Okawaru
  3350 | D:4      | Noticed qborf's ghost (amateur TeIE)
  3418 | D:4      | Found a runed translucent door.
  3419 | D:4      | Noticed Crazy Yiuf
  3430 | D:4      | Paralysed by Crazy Yiuf for 5 turns
  3440 | D:4      | Killed Crazy Yiuf
  3802 | D:5      | Entered Level 5 of the Dungeon
  3922 | D:5      | Noticed Ijyb
  3931 | D:5      | Killed Ijyb
  3932 | D:5      | Reached skill level 10 in Slings
  4114 | D:5      | Got a steaming short sword
  4119 | D:5      | Found a radiant altar of Vehumet.
  4157 | D:5      | Reached XP level 8. HP: 13/54 MP: 10/10
  4984 | D:6      | Identified the +4 short sword of Juentott {flame, Will+
                  | Str+4 Int+2 SInv} (You found it on level 5 of the Dungeon)
  5408 | D:6      | Reached ** piety under Okawaru
  5607 | D:6      | Reached skill level 5 in Fighting
  5638 | D:6      | Found a staircase to the Ecumenical Temple.
  5655 | D:6      | Found a sand-covered staircase.
  5664 | Ossuary  | Entered an ossuary
  5772 | Ossuary  | Reached skill level 1 in Shields
  5772 | Ossuary  | Reached XP level 9. HP: 61/61 MP: 12/12
  6013 | D:6      | Found a shimmering altar of Xom.
  6021 | D:6      | Found a hazy altar of Hepliaklqana.
  6185 | D:6      | Reached skill level 1 in Armour
  6185 | D:6      | Reached skill level 5 in Invocations
  6615 | D:6      | Found a shadowy altar of Dithmenos.
  7015 | D:7      | Reached *** piety under Okawaru
  7977 | D:8      | Found a stormy altar of Qazlal.
  8092 | D:8      | Received a gift from Okawaru
  8093 | D:8      | Reached XP level 10. HP: 60/68 MP: 14/14
  8111 | D:8      | Noticed a kobold demonologist
  8131 | D:8      | Noticed an orange demon
  8135 | D:8      | Noticed an orange demon
  8150 | D:8      | Noticed an orange demon
  8150 | D:8      | Killed a kobold demonologist
  8199 | D:8      | Killed an unseen horror
  8199 | D:8      | Reached **** piety under Okawaru
  8527 | D:8      | Got a crystal fustibalus
  8538 | D:8      | Identified the cursed +3 fustibalus of Cueviu {speed, rElec
                  | Dex+2} (You found it on level 8 of the Dungeon)
  8659 | D:8      | Noticed a death knight
  8681 | D:8      | Killed a death knight
  9096 | D:9      | Found a radiant altar of Vehumet.
  9107 | D:9      | Noticed Pikel
  9130 | D:9      | Noticed Psyche
  9136 | D:9      | Killed Pikel
  9136 | D:9      | Received a gift from Okawaru
  9137 | D:9      | Reached skill level 5 in Dodging
  9137 | D:9      | Reached skill level 5 in Shields
  9144 | D:9      | Killed Psyche
  9145 | D:9      | Reached XP level 11. HP: 69/74 MP: 13/16
  9246 | D:9      | Found a glowing golden altar of the Shining One.
  9257 | D:9      | Found a shimmering blue altar of Sif Muna.
  9382 | D:9      | Noticed Harold
  9398 | D:9      | Killed Harold
  9398 | D:9      | Reached ***** piety under Okawaru
  9484 | D:9      | Reached skill level 5 in Armour
  9606 | D:9      | Noticed a two-headed ogre
  9650 | D:9      | Killed an unseen horror
  9650 | D:9      | Received a gift from Okawaru
  9653 | D:9      | Killed a two-headed ogre
  9654 | D:9      | Reached skill level 15 in Slings
  9917 | D:10     | Entered Level 10 of the Dungeon
 10892 | D:11     | Noticed a manticore
 10901 | D:11     | Killed a manticore
 10901 | D:11     | Received a gift from Okawaru
 11010 | D:11     | Noticed a cyclops
 11023 | D:11     | Killed a cyclops
 11338 | D:11     | Noticed a manticore
 11347 | D:11     | Killed a manticore
 11368 | D:11     | Noticed a two-headed ogre
 11373 | D:11     | Killed a two-headed ogre
 11408 | D:11     | Reached XP level 12. HP: 81/81 MP: 17/17
 11433 | D:11     | Received a gift from Okawaru
 11458 | D:11     | Found a staircase to the Lair.
 11844 | D:11     | Found a staircase to the Orcish Mines.
 12266 | Lair:1   | Entered Level 1 of the Lair of Beasts
 12272 | Lair:1   | Noticed Erica
 12620 | Lair:1   | Killed Erica
 12995 | Lair:1   | Noticed Urug
 13004 | Lair:1   | Received a gift from Okawaru
 13014 | Lair:1   | Killed Urug
 13014 | Lair:1   | Received a gift from Okawaru
 13044 | Lair:1   | Noticed Fannar
 13061 | Lair:1   | Killed Fannar
 13248 | Lair:1   | You fall into a shaft and drop 1 floor!
 13368 | Lair:1   | Noticed Joseph
 13373 | Lair:1   | Killed Joseph
 13373 | Lair:1   | Received a gift from Okawaru
 13792 | Lair:1   | Reached XP level 13. HP: 88/88 MP: 19/19
 14141 | Lair:2   | Received a gift from Okawaru
 14603 | Lair:2   | Received a gift from Okawaru
 14874 | Lair:3   | Reached ****** piety under Okawaru
 14888 | Lair:3   | Received a gift from Okawaru
 15966 | Lair:3   | Found a staircase to the Snake Pit.
 16391 | Lair:3   | Found a staircase to the Swamp.
 16791 | Lair:4   | Received a gift from Okawaru
 16803 | Lair:4   | Got a distressingly furry hat {god gift}
 16809 | Lair:4   | Identified the +2 hat of the Lily {*Contam Rampage rN+++
                  | Int-4} (Okawaru gifted it to you on level 4 of the Lair of
                  | Beasts)
 16929 | Lair:4   | Identified a scroll of acquirement
 16931 | Lair:4   | Acquired a manual of Dodging
 17153 | Lair:4   | Found a corrupted altar of Lugonu.
 17153 | Lair:4   | Found a one-way gate to the infinite horrors of the Abyss.
 17896 | Lair:5   | Reached XP level 14. HP: 97/97 MP: 20/20
 18042 | Lair:5   | Noticed Rupert
 18063 | Lair:5   | Killed Rupert
 18487 | Lair:5   | Reached skill level 10 in Dodging
 18766 | Lair:6   | Entered Level 6 of the Lair of Beasts
 19569 | Lair:6   | Reached skill level 10 in Shields
 19581 | Lair:6   | Received a gift from Okawaru
 19633 | Lair:6   | Reached skill level 10 in Armour
 19892 | Lair:6   | Got a pair of slimy gloves {god gift}
 19899 | Lair:6   | Identified the +1 pair of gloves of Hoakk {Rampage rF+ rN+
                  | Dex-3} (Okawaru gifted it to you on level 6 of the Lair of
                  | Beasts)
 19940 | Lair:6   | Reached XP level 15. HP: 103/103 MP: 21/21
 20044 | Lair:6   | Reached skill level 10 in Fighting
 20985 | Lair:6   | Received a gift from Okawaru
 21576 | Lair:6   | Got a wavering bone ring
 22179 | Orc:1    | Entered Level 1 of the Orcish Mines
 22229 | Orc:1    | Found a runed translucent gate.
 22229 | Orc:1    | Found a runed translucent gate.
 22239 | Orc:1    | Noticed shitwizard's ghost (journeyman TrBe)
 22297 | Orc:1    | Noticed Josephine
 22297 | Orc:1    | Noticed Erolcha
 22306 | Orc:1    | Killed Josephine
 22313 | Orc:1    | Killed Erolcha
 22762 | Orc:1    | Noticed an orc warlord
 22824 | Orc:1    | Killed an orc warlord
 23361 | Orc:1    | Found a runed translucent gate.
 23437 | Orc:1    | Identified the ring "Oqoe" {rF++ SInv} (You found it on
                  | level 6 of the Lair of Beasts)
 23441 | Orc:2    | Entered Level 2 of the Orcish Mines
 23476 | Orc:2    | Found a staircase to the Elven Halls.
 23828 | Orc:2    | Found Beosuh's Book Emporium.
 23828 | Orc:2    | Found Jakhaq's Antique Weapon Boutique.
 24114 | Orc:2    | Received a gift from Okawaru
 24329 | Orc:2    | Noticed Donald
 24338 | Orc:2    | Reached XP level 16. HP: 104/111 MP: 22/22
 24371 | Orc:2    | Killed Donald
 24463 | Orc:2    | Received a gift from Okawaru
 25051 | Orc:2    | Found Weguschim's Jewellery Shop.
 25093 | Orc:2    | Got a brightly glowing plate armour {god gift}
 25110 | Orc:2    | Identified the +0 plate armour of Tender Moments {-Tele
                  | Harm Will+++ Dex-5} (Okawaru gifted it to you on level 2 of
                  | the Orcish Mines)
 25445 | Orc:2    | Found Qocress's Gadget Emporium.
 25445 | Orc:2    | Found Lomeont's Antique Weapon Boutique.
 25547 | Orc:2    | Found a roughly hewn altar of Beogh.
 27535 | D:13     | Found a gate to the Vaults.
 28840 | D:14     | Found a blossoming altar of Fedhas.
 29037 | D:15     | Entered Level 15 of the Dungeon
 29086 | D:15     | Got a vibrating iron ring
 29093 | D:15     | Identified the ring "Jioraf" {rC+ Will- MP+9 Str+6 Stlth+}
                  | (You found it on level 15 of the Dungeon)
 29114 | D:15     | Received a gift from Okawaru
 29211 | D:15     | Found a staircase to the Depths.
 29511 | D:15     | Received a gift from Okawaru
 29539 | D:15     | Found a transporter.
 29708 | D:15     | Reached XP level 17. HP: 110/117 MP: 23/23
 29848 | D:15     | Got a warped ivory ring
 29850 | D:15     | Identified the ring of Wishful Thinking {rElec rF+ MP+9}
                  | (You found it on level 15 of the Dungeon)
 29898 | D:15     | Found a bloodstained altar of Trog.
 29948 | D:15     | Received a gift from Okawaru
 30338 | D:15     | Found a transporter.
 30349 | D:15     | Noticed Jorgrun
 30371 | D:15     | Killed Jorgrun
 30371 | D:15     | Received a gift from Okawaru
 30671 | D:15     | Got a brightly glowing lead ring
 30675 | D:15     | Identified the ring "Xooxus" {*Tele +Fly rPois rF+++ Int-3}
                  | (You found it on level 15 of the Dungeon)
 30690 | D:15     | Found a shimmering altar of Xom.
 30705 | D:15     | Noticed Kirke
 30755 | D:15     | HP: 1/119 [harpy[Kirke] (13)]
 30772 | D:15     | HP: 2/119 [manticore/volley of spikes[Kirke] (13)]
 31150 | D:15     | Reached skill level 15 in Dodging
 31308 | D:15     | Killed Kirke
 31308 | D:15     | Received a gift from Okawaru
 31434 | D:15     | Received a gift from Okawaru
 32124 | D:15     | Found a glowing silver altar of Zin.
 32436 | Snake:1  | Entered Level 1 of the Snake Pit
 32920 | Snake:1  | Noticed Aizul
 32959 | Snake:1  | Killed Aizul
 33430 | Snake:1  | Identified Roxanne's Guide on Transmigration
 33430 | Snake:1  | Noticed Roxanne
 34389 | Snake:1  | Reached XP level 18. HP: 118/126 MP: 24/24
 34889 | Snake:1  | Killed Roxanne
 34997 | Snake:2  | Received a gift from Okawaru
 35238 | Snake:2  | Noticed Louise
 35265 | Snake:2  | Killed Louise
 36141 | Snake:2  | Received a gift from Okawaru
 36220 | Snake:2  | Noticed Asterion
 36241 | Snake:2  | Killed Asterion
 36241 | Snake:2  | Received a gift from Okawaru
 36961 | Snake:3  | Received a gift from Okawaru
 36982 | Snake:3  | Found a glowing silver altar of Zin.
 37182 | Snake:3  | Noticed Agnes
 37189 | Snake:3  | Killed Agnes
 38144 | Snake:4  | Entered Level 4 of the Snake Pit
 38446 | Snake:4  | Reached skill level 1 in Staves
 38770 | Snake:4  | Received a gift from Okawaru
 38795 | Snake:4  | Reached XP level 19. HP: 71/134 MP: 25/25
 38795 | Snake:4  | Got an encrusted fustibalus {god gift}
 38796 | Snake:4  | Identified the +6 fustibalus of the Crushed Princes
                  | {freeze, *Contam +Blink rElec Int+5} (Okawaru gifted it to
                  | you on level 4 of the Snake Pit)
 38797 | Snake:4  | Found Pihaum's Antique Armour Boutique.
 39134 | Snake:4  | Bought the +2 shield of Resistance {rF++ rC++ Will++} for
                  | 1947 gold pieces
 39134 | Snake:4  | Found the +2 shield of Resistance {rF++ rC++ Will++}
 39709 | Snake:4  | Received a gift from Okawaru
 40269 | Snake:4  | Got a serpentine rune of Zot
 40626 | Swamp:1  | Entered Level 1 of the Swamp
 40975 | Swamp:1  | Reached skill level 15 in Shields
 41274 | Swamp:1  | Reached skill level 15 in Armour
 41408 | Swamp:1  | Received a gift from Okawaru
 41409 | Swamp:1  | Got a polished hat {god gift}
 41414 | Swamp:1  | Identified the +2 hat "Neurghia" {-Tele +Fly Int+5 Stlth+}
                  | (Okawaru gifted it to you on level 1 of the Swamp)
 42443 | Swamp:2  | You are sucked into a shaft and drop 1 floor!
 42531 | Swamp:3  | Noticed Bai Suzhen
 42563 | Swamp:3  | Killed Bai Suzhen
 42564 | Swamp:3  | Found a burning altar of Makhleb.
 43236 | Swamp:2  | Reached XP level 20. HP: 136/142 MP: 26/26
 44824 | Swamp:4  | Entered Level 4 of the Swamp
 45280 | Swamp:4  | Noticed a tentacled monstrosity
 45544 | Swamp:2  | Killed a tentacled monstrosity
 46270 | Swamp:4  | Got a spiked helmet
 46275 | Swamp:4  | Identified the cursed +0 helmet of Gestures {-Tele rC++
                  | Will+} (You found it on level 4 of the Swamp)
 46579 | Swamp:4  | Received a gift from Okawaru
 46580 | Swamp:4  | Got an ichor-stained hunting sling {god gift}
 48083 | Swamp:4  | Noticed a bone dragon
 48141 | Swamp:4  | Killed a bone dragon
 48626 | Swamp:4  | Got a decaying rune of Zot
 49216 | Elf:1    | Entered Level 1 of the Elven Halls
 49406 | Elf:1    | Found Bebrysid's Magic Scroll Boutique.
 49463 | Elf:1    | Found Vephiyvy's Magic Scroll Boutique.
 49494 | Elf:1    | Bought a scroll of enchant weapon for 120 gold pieces
 49494 | Elf:1    | Bought a scroll of teleportation for 48 gold pieces
 49494 | Elf:1    | Bought a scroll of teleportation for 48 gold pieces
 49494 | Elf:1    | Bought a scroll of enchant weapon for 120 gold pieces
 49494 | Elf:1    | Bought a scroll of magic mapping for 56 gold pieces
 49494 | Elf:1    | Bought a scroll of enchant weapon for 120 gold pieces
 49494 | Elf:1    | Bought a scroll of magic mapping for 56 gold pieces
 49599 | Elf:1    | Bought a scroll of teleportation for 54 gold pieces
 49599 | Elf:1    | Bought a scroll of teleportation for 54 gold pieces
 49599 | Elf:1    | Bought a scroll of silence for 135 gold pieces
 49599 | Elf:1    | Bought a scroll of magic mapping for 63 gold pieces
 50160 | Elf:1    | Found Gaegedur's Armour Boutique.
 50185 | Elf:1    | Found Cauxeesi's General Store.
 50197 | Elf:1    | Bought a potion of heal wounds for 65 gold pieces
 50197 | Elf:1    | Bought a scroll of magic mapping for 45 gold pieces
 50314 | Elf:1    | Received a gift from Okawaru
 50596 | Elf:1    | Found Hitecwom's General Store.
 50651 | Elf:1    | Received a gift from Okawaru
 50682 | Elf:1    | Reached XP level 21. HP: 137/150 MP: 27/27
 50691 | Elf:1    | Received a gift from Okawaru
 50721 | Elf:1    | Got a bloodstained helmet {god gift}
 50722 | Elf:1    | Identified the -3 helmet of Viny Life {rF++ Str+2 Int+4
                  | Stlth-} (Okawaru gifted it to you on level 1 of the Elven
                  | Halls)
 50778 | Elf:1    | Bought a potion of haste for 180 gold pieces
 50778 | Elf:1    | Bought a scroll of magic mapping for 63 gold pieces
 51298 | Elf:2    | Reached skill level 15 in Fighting
 51663 | Elf:2    | Found a huge runed translucent gate.
 51663 | Elf:2    | Found a huge runed translucent gate.
 51663 | Elf:2    | Found a huge runed translucent gate.
 51663 | Elf:2    | Found a huge runed translucent gate.
 51663 | Elf:2    | Found a huge runed translucent gate.
 51915 | Elf:3    | Entered Level 3 of the Elven Halls
 52616 | Elf:3    | Noticed Mara
 52635 | Elf:3    | Noticed vurker's illusion
 52639 | Elf:3    | Killed Mara
 52957 | Elf:3    | Identified the Grimoire of Articulation
 52958 | Elf:3    | Found the +2 Maxwell's thermic engine {flame, freeze}
 53385 | Elf:3    | Identified the cursed +2 long sword "Run Useh" {vorpal,
                  | rElec Will+ Int+4}
 53924 | Elf:3    | Received a gift from Okawaru
 53947 | Elf:3    | Received a gift from Okawaru
 53974 | Elf:3    | Noticed a Brimstone Fiend
 54231 | Elf:3    | Reached XP level 22. HP: 159/159 MP: 28/28
 54241 | Elf:3    | Got a bloodstained falchion
 54254 | Elf:3    | Identified the Collected Works on Entrancing Confrontation
 54262 | Elf:3    | Got a translucent lapis lazuli ring
 54268 | Elf:3    | Identified the ring "Focaatwu" {rPois rF- rC+ Int+2} (You
                  | found it on level 3 of the Elven Halls)
 54446 | Elf:3    | Got an ichor-stained arbalest
 54727 | Vaults:1 | Entered Level 1 of the Vaults
 54832 | Vaults:1 | Found a large runed translucent door.
 54832 | Vaults:1 | Found a large runed translucent door.
 54832 | Vaults:1 | Noticed Juteq's ghost (adept GnGl)
 54832 | Vaults:1 | Noticed Diggohao's ghost (adept DrWn)
 55161 | Vaults:1 | Acquired a +2 pair of gloves of dexterity
 55577 | Vaults:1 | Received a gift from Okawaru
 55596 | Vaults:1 | Got a garnet-encrusted chain mail {god gift}
 55598 | Vaults:1 | Acquired 689 gold pieces
 55709 | Vaults:1 | Identified the +6 short sword of the Thoughtful Mice
                  | {protect, rC++}
 57003 | Vaults:1 | Found Xopuxzac's Armour Shoppe.
 57055 | Vaults:1 | Bought the +2 ratskin cloak {*Rats rPois rN+ Str-1 Int-1
                  | Dex+1} for 389 gold pieces
 57055 | Vaults:1 | Found the +2 ratskin cloak {*Rats rPois rN+ Str-1 Int-1
                  | Dex+1}
 58047 | Vaults:2 | Reached XP level 23. HP: 154/167 MP: 29/29
 59712 | Vaults:3 | Received a gift from Okawaru
 59952 | Vaults:3 | Received a gift from Okawaru
 60292 | Vaults:3 | Received a gift from Okawaru
 60957 | Vaults:3 | Noticed Jory
 61041 | Vaults:3 | Killed Jory
 61840 | Vaults:3 | Found a staircase to the Crypt.
 62572 | Vaults:4 | Reached XP level 24. HP: 146/177 MP: 29/29
 62572 | Vaults:4 | Received a gift from Okawaru
 62709 | Vaults:4 | Got a jewelled ring mail {god gift}
 62749 | Vaults:4 | Got a faintly humming chain mail
 62790 | Vaults:4 | Found Duigup's Book Boutique.
 63317 | Vaults:4 | Found a transporter.
 63320 | Vaults:4 | Noticed a golden dragon
 63339 | Vaults:4 | Found a transporter.
 63811 | Vaults:4 | Found Deacw's Armour Shoppe.
 64305 | Vaults:5 | Entered Level 5 of the Vaults
 64425 | Vaults:5 | Noticed a golden dragon
 64834 | Vaults:5 | Killed a golden dragon
 64834 | Vaults:5 | Received a gift from Okawaru
 65149 | Vaults:5 | Noticed a golden dragon
 65304 | Vaults:5 | Noticed a golden dragon
 65322 | Vaults:5 | Killed a golden dragon
 65334 | Vaults:5 | Received a gift from Okawaru
 65643 | Vaults:5 | Received a gift from Okawaru
 65785 | Vaults:5 | Reached XP level 25. HP: 172/186 MP: 29/29
 65906 | Vaults:5 | Received a gift from Okawaru
 66456 | Vaults:5 | Got a buzzing hunting sling {god gift}
 66695 | Vaults:5 | Noticed a caustic shrike
 66695 | Vaults:5 | an iron dragon changed into a caustic shrike
 66696 | Vaults:5 | a caustic shrike changed into a frost giant
 67111 | Orc:2    | Bought an encrusted shortbow for 184 gold pieces
 67111 | Orc:2    | Identified the cursed +0 shortbow of Disarray {vorpal,
                  | rElec} (You bought it in a shop on level 2 of the Orcish
                  | Mines)
 68340 | Vaults:5 | Quit the game

Illustrated notes

Levels and vault maps discovered:
D:1:      matt_arrival_los_fun, layout_loops_corners, minmay_heptomino_o4
D:2:      layout_rooms, elyvilon_altar_4, minmay_misc_feat_encased
D:3:      layout_basic, minitemple, uniq_jessica
D:4:      layout_cave_pools, gammafunk_ghost_icy, uniq_crazy_yiuf_cottage
D:5:      layout_basic, nicolae_overflow_crystal_walls, serial_curves,
          eino_curves_04, eino_curves_01, uniq_ijyb
D:6:      layout_cave_pools, overflow_temple_1_default,
          nicolae_dithmenos_through_a_glass_darkly, temple_doors_e, basic_altar,
          enter_ossuary_2, serial_gnoll_camp, gnoll_camp_huts_basic,
          gnoll_camp_mini_hut, gnoll_camp_mini_house, gnoll_camp_mini_house,
          gnoll_camp_mini_hut
D:7:      cheibrodos_quashed, layout_loops_ring, kennysheep_big_empty_room
D:8:      minmay_cut_squares, layout_basic, nicolae_qazlal_general_emergency
D:9:      layout_basic, lemuel_round_altar, kennysheep_little_box, basic_altar,
          uniq_harold, uniq_pikel, uniq_psyche
D:10:     layout_basic
D:11:     layout_irregular_city, lair_entry_dummy, orc_0_dummy, kennysheep_dice
D:12:     layout_grid_maze, serial_rivers, chequers_serial_rivers_room_b,
          chequers_serial_rivers_micro_a, chequers_serial_rivers_micro_d,
          chequers_serial_rivers_micro_a, grunt_ministairs_15
D:13:     layout_loops_ring, david_vaults_5
D:14:     layout_cave_pools, fedhas_altar_4, kennysheep_potato
D:15:     hangedman_spin_cycle, uniq_jorgrun
Lair:1:   layout_misc_corridors, beast_lair_carwin_9, grunt_megastairs_4,
          minmay_lair_oklob_chamber, uniq_fannar, uniq_urug, uniq_joseph,
          uniq_erica
Lair:2:   layout_loops_ring
Lair:3:   layout_regular_city, swamp_mist, dummy_snake_entry,
          serial_bayou_pond_a
Lair:4:   layout_regular_city, amcnicky_altar_lugonu_corruption
Lair:5:   layout_misc_corridors, portal_ice_cave_entry_imps, uniq_rupert
Lair:6:   hangedman_lair_tendril_chambers, layout_cave_pods,
          hangedman_lair_caniforms_friends, slime_altar_1,
          gammafunk_ghost_necromancy, dpeg_oklob_1
Swamp:1:  layout_basic_swamp, evilmike_swamp_ruin_house_1, swamp_pool4
Swamp:2:  layout_falls_marsh, evilmike_swamp_ruin_house_3, swamp_pool3
Swamp:3:  layout_basic_swamp, basic_altar, swamp_pool4, uniq_bai_suzhen
Swamp:4:  swamp_pestilence, layout_basic_swamp, swamp_pool5,
          nicolae_swamp_necromancer_hut
Snake:1:  layout_basic, lemuel_fruit_tree, uniq_aizul, uniq_roxanne
Snake:2:  layout_chambers, uniq_asterion, uniq_louise
Snake:3:  layout_rooms, basic_altar, nicolae_snake_squiggles,
          serial_bayou_pond_e, nicolae_snake_single_loop, serial_bayou_shore_b,
          uniq_agnes
Snake:4:  minmay_snake_end_coiled, layout_misc_corridors, serial_shops,
          nicolae_shop_overgrown_old_shop, serial_bayou_shore_a
Orc:1:    layout_diamond_mine, gammafunk_ghost_split, uniq_erolcha,
          uniq_josephine
Orc:2:    st_orc_town, layout_caves, serial_shops, shop, uniq_donald
Elf:1:    elf_arrival_001, layout_loops_ring, serial_shops, shop_scrolls, shop,
          shop, nicolae_shop_statue_plus,
          nicolae_shop_temple_entry_statues_fountains, minivault_28
Elf:2:    layout_geoelf_grid
Elf:3:    elf_hall, layout_geoelf_octagon, palyth_stone_intersect, kb_rosetta,
          uniq_mara
Vaults:1: advil_vaults_ghost_guards, vaults_mumra_lcd, vaults_mumra_hex,
          nicolae_vaults_alarming, v_rooms_1, vaults_room_pools,
          vaults_room_corners, nicolae_vaults_ring_of_whatevers, v_misc_3,
          v_misc_9, layout_vaults_ring, serial_shops, shop
Vaults:2: ontoclasm_vaults_tryst, dpeg_vaults_monster_row,
          hangedman_vaults_locks, vaults_mumra_minichess,
          nicolae_vaults_angled_halls, v_alt_pattern_6,
          ontoclasm_vaults_ring_square, vaults_mumra_hexcomb,
          nicolae_vaults_three_branches, layout_vaults_omnicross
Vaults:3: hangedman_vaults_stitches, vaults_room_grunt_arrival_ludios,
          nicolae_vaults_windows_and_doors_thing, minmay_crypt_entry_simple_box,
          v_misc_29, hangedman_vaults_stretched_pinwheel, vaults_dpeg_ring,
          v_misc_4, nicolae_vaults_branching_niches,
          nicolae_vaults_ninety_degrees, ontoclasm_vaults_pinch,
          layout_vaults_omnibox, uniq_jory
Vaults:4: hangedman_vaults_restitches, nicolae_vaults_twisting_passages,
          gammafunk_sealed_arena, dpeg_vaults_monster_box,
          nicolae_vaults_ring_of_whatevers, hangedman_vaults_capsules,
          nicolae_vaults_rhombus_7, vaults_room_door_ring,
          nicolae_vaults_circle_grid_a, nicolae_vaults_what_the_h,
          nicolae_vaults_little_squares_3, hangedman_vaults_impose,
          layout_vaults_big_room, serial_shops, nicolae_shop_stone, shop
Vaults:5

Skill      XL: |  1  2  3  4  5  6  7  8  9 10 11 12 13 14 15 16 17 18 19 20 21 22 23 24 25 |
---------------+----------------------------------------------------------------------------+-----
Slings         | 6 7 8 9 10 11 13 14 15 17 18 19 21 22 | 22.0
Fighting       | 2 3 4 5 6 7 8 9 10 11 12 13 14 15 16 17 19 | 19.5
Invocations    | 1 2 3 4 5 6 7 8 |  8.0
Shields        | 1 3 5 6 7 9 10 11 12 13 14 15 16 | 16.0
Armour         | 2 4 6 7 8 10 11 12 13 14 15 16 17 18 19 20 | 20.6
Dodging        | 3 5 6 7 9 11 12 14 16 17 18 19 20 21 22 | 22.0
Staves         | 1 2 |  2.2
Stealth        | |  1.1

Action                   |  1- 3 |  4- 6 |  7- 9 | 10-12 | 13-15 | 16-18 | 19-21 | 22-24 | 25-27 || total
-------------------------+-------+-------+-------+-------+-------+-------+-------+-------+-------++-------
Melee: Hunting sling     |       |     1 |       |       |       |       |       |       |       ||     1
       Short sword       |       |       |       |       |     2 |       |       |       |       ||     2
       Unarmed           |       |       |       |       |       |    24 |       |       |    63 ||    87
       Fustibalus        |       |       |       |       |       |       |     3 |       |    45 ||    48
 Fire: Hunting sling     |    82 |   275 |   756 |    72 |       |       |       |       |       ||  1185
       Fustibalus        |       |       |       |   618 |  2217 |  2641 |  3129 |  3513 |   220 || 12338
       Hand crossbow     |       |       |       |       |       |       |       |       |    27 ||    27
Invok: Heroism           |       |       |     1 |    10 |     9 |    17 |    12 |    17 |     2 ||    68
       Finesse           |       |       |       |     1 |     4 |     6 |     8 |     4 |     1 ||    24
 Abil: Stop Flying       |       |       |       |       |       |       |       |     1 |       ||     1
Evoke: Wand              |       |       |     2 |     5 |       |       |     5 |     3 |    13 ||    28
       Lightning rod     |       |       |       |     2 |       |     3 |     2 |       |     4 ||    11
       Phial of floods   |       |       |       |       |       |       |       |       |     1 ||     1
  Use: Potion            |       |     1 |       |     1 |       |     5 |     8 |     3 |       ||    18
       Scroll            |       |    10 |    10 |     5 |     8 |    10 |    12 |    15 |    16 ||    86
Armor: Leather armour    |     6 |       |       |       |       |       |       |       |       ||     6
       Plate armour      |     5 |    72 |   162 |   123 |   240 |   171 |    70 |       |       ||   843
       Storm dragon scal |       |       |       |       |       |       |   428 |   216 |       ||   644
       Gold dragon scale |       |       |       |       |       |       |       |     1 |   171 ||   172
Dodge: Dodged            |    22 |    28 |    63 |    79 |   416 |   291 |   733 |   775 |   359 ||  2766
Block: Other             |       |    15 |    22 |       |       |    11 |       |       |       ||    48
       Reflection        |       |     1 |     3 |     9 |    16 |   105 |    98 |   151 |    15 ||   398
       Buckler           |       |       |    22 |       |       |       |       |       |       ||    22
       Kite shield       |       |       |    79 |   266 |   912 |   764 |  1386 |  1609 |   549 ||  5565

Table legend: (Time is in decaauts)
 A = Elapsed time spent in this place.
 B = Non-inter-level travel time spent in this place.
 C = Inter-level travel time spent in this place.
 D = Time resting spent in this place.
 E = Time spent auto-exploring this place.
 F = Levels seen in this place.
 G = Mean time per level.
                   A        B        C        D        E       F      G
               +--------+--------+--------+--------+--------+-----+--------+
         Total |  62572 |  59037 |   3535 |   3049 |  40683 |  40 | 1564.3 |
       Dungeon |  19343 |  17960 |   1383 |    763 |  13086 |  15 | 1289.5 |
          Lair |   9036 |   8498 |    538 |      0 |   6486 |   6 | 1506.0 |
         Swamp |   7470 |   7138 |    332 |   1239 |   4225 |   4 | 1867.5 |
     Snake Pit |   7409 |   7154 |    255 |     14 |   5362 |   4 | 1852.2 |
  Orcish Mines |   3316 |   2932 |    384 |    132 |   1894 |   2 | 1658.0 |
   Elven Halls |   4766 |   4620 |    146 |    362 |   3067 |   3 | 1588.7 |
        Vaults |  10927 |  10432 |    495 |    537 |   6420 |   5 | 2185.4 |
       Ossuary |    301 |    301 |      0 |      0 |    142 |   1 |  301.0 |
               +--------+--------+--------+--------+--------+-----+--------+

Top non-repeatable levels by time:
    D:15: 3003 daAuts
  Lair:6: 2853 daAuts
Vaults:3: 2759 daAuts
Vaults:4: 2573 daAuts
 Swamp:4: 2436 daAuts
 Snake:1: 2376 daAuts
Vaults:1: 2335 daAuts
Vaults:2: 2275 daAuts
    D:11: 2254 daAuts
  Lair:3: 2096 daAuts
 Swamp:3: 1985 daAuts
 Snake:4: 1984 daAuts
   Elf:3: 1926 daAuts
 Snake:2: 1795 daAuts
   Elf:1: 1792 daAuts
